 Dungeon Crawl Stone Soup version 0.19.1-1-g22dce08 (webtiles) character file.

77 maiar the Ruffian (level 4, -5/35 HPs)
             Began as a Draconian Transmuter on Jan 17, 2017.
             Slain by a gnoll
             ... wielding a +0 club
              (7 damage)
             ... on level 2 of the Dungeon.
             The game lasted 00:10:00 (1265 turns).

maiar the Ruffian (Draconian Transmuter)            Turns: 1265, Time: 00:10:00

Health: -5/35      AC:  6    Str: 13    XL:     4   Next: 14%
Magic:  6/7        EV: 12    Int: 13    God:
Gold:   61         SH:  0    Dex: 12    Spells: 1 memorised, 6 levels left

rFire  . . .     SeeInvis .       - Unarmed
rCold  . . .     Gourm    .     (armour unavailable)
rNeg   . . .     Faith    .     (no shield)
rPois  .         Spirit   .     (helmet restricted)
rElec  .         Reflect  .     d - +0 cloak
rCorr  .         Harm     .     (no gloves)
MR     .....                    (no boots)
Stlth  +.........               (no amulet)
                                (no ring)
                                (no ring)

@: very slightly contaminated
A: unfitting armour, cold-blooded, AC +5
a: no special abilities


You were on level 2 of the Dungeon.
You were not hungry.

You visited 1 branch of the dungeon, and saw 2 of its levels.

You collected 61 gold pieces.

Inventory:

Missiles
 a - 19 arrows
 g - 43 stones (quivered)
Armour
 d - a +0 cloak (worn)
Jewellery
 e - an uncursed ring of wizardry {unknown}
Potions
 f - a potion of ambrosia {unknown}
 j - a potion of resistance {unknown}
Books
 b - a book of Changes

   Spells                             Type                      Level
   a - Beastly Appendage              Transmutation                1
   b - Sticks to Snakes               Transmutation                2
   c - Spider Form                    Transmutation/Poison         3
   d - Ice Form                       Ice/Transmutation            4
   e - Blade Hands                    Transmutation                5
Comestibles
 c - a bread ration
 h - a beef jerky
 i - 3 chunks of flesh


   Skills:
 - Level 1.1 Fighting
 - Level 1.7 Dodging
 + Level 5.0 Unarmed Combat
 - Level 2.0 Spellcasting
 - Level 2.0 Transmutations


You had 6 spell levels left.
You knew the following spells:

 Your Spells              Type           Power        Failure   Level  Hunger
a - Beastly Appendage     Tmut           #.....       12%         1    ##.....


Dungeon Overview and Level Annotations

Branches:
Dungeon (2/15)

Altars:


Innate Abilities, Weirdness & Mutations

Your plain brown scales are hard. (AC +5)
You cannot fit into any form of body armour.
You are cold-blooded and may be slowed by cold attacks.


Message History

You barely miss the gnoll. Your headbutt misses the gnoll.
You tail-slap the gnoll, but do no damage.
The gnoll barely misses you.
You barely miss the gnoll. Your headbutt misses the gnoll.
The gnoll hits you with a club.
* * * LOW HITPOINT WARNING * * *
You barely miss the gnoll.
Your horns disappear.
You hit the gnoll.
The gnoll is heavily wounded.
The gnoll closely misses you.
Okay, then.
You closely miss the gnoll.
The gnoll is heavily wounded.
The gnoll hits you with a club.
* * * LOW HITPOINT WARNING * * *
You barely miss the gnoll. You tail-slap the gnoll.
The gnoll is heavily wounded.
The gnoll hits you with a club!
You die...

..####.......# #.............#
....##.......# #.............#
..#.##.......# #...P......P..#
#.#.##.....<.# #.#...........#
#.##.##...##.## #.#...P..P....#
#.#...#####...### #.##..........#
#...#.......#...# #.##.#....##..#
###...#####...#.###.#..#######.##
##.## ##.##.@g......######.## #.#
#.#.###.#.......##.... #.# #.#.#
#.#.##.##.##.### #.# #.#.#
#......##.##.### ##.##
##.#####.#g##..........
##...#####...###.g........##.###
#..#.......#..##.......#####.#
##...#####...###.......### #..
##.## ##.## #.........# ####


You could see a gnoll.

Vanquished Creatures
  2 gnolls (D:2)
  3 adders (D:2)
  A worm (D:2)
  A leopard gecko (D:2)
  A ball python (D:2)
  5 giant cockroaches
  A goblin (D:1)
  6 jackals (D:2)
  2 bats (D:1)
  A frilled lizard (D:1)
  A kobold (D:1)
  5 rats (D:1)
29 creatures vanquished.

Notes
Turn   | Place    | Note
-------+----------+-------------------------------------------
     0 | D:1      | maiar the Draconian Transmuter began the quest for the Orb.
     0 | D:1      | Reached XP level 1. HP: 16/16 MP: 3/3
   260 | D:1      | Reached XP level 2. HP: 22/23 MP: 5/5
   745 | D:2      | Reached skill level 4 in Unarmed Combat
   891 | D:2      | Reached XP level 3. HP: 20/28 MP: 4/6
  1238 | D:2      | Reached XP level 4. HP: 19/35 MP: 5/7
  1259 | D:2      | Reached skill level 5 in Unarmed Combat
  1265 | D:2      | Slain by a gnoll

Skill      XL: |  1  2  3  4 |
---------------+-------------+-----
Unarmed Combat | 4 5 |  5.0
Fighting       | |  1.1
Dodging        | |  1.7
Spellcasting   | |  2.0
Transmutations | |  2.0

Action                   |  1- 3 |  4- 6 || total
-------------------------+-------+-------++-------
Melee: Unarmed           |   126 |    12 ||   138
       Tailslap          |    16 |     2 ||    18
       Kick              |     8 |       ||     8
       Punch             |     4 |       ||     4
       Headbutt          |     2 |     2 ||     4
 Cast: Beastly Appendage |     7 |     1 ||     8
  Eat: Chunk             |     1 |       ||     1
Armor: Skin              |    38 |       ||    38
Dodge: Dodged            |    87 |     5 ||    92
